 Dungeon Crawl Stone Soup version 0.30-a0-956-gcec3b41aec (webtiles) character file.

Game seed: 7223139342463886511

1749 voltaire321 the Chiller (level 9, -5/59 HPs)
             Began as a Merfolk Ice Elementalist on Mar 29, 2023.
             Was a Follower of Hepliaklqana.
             Slain by a troll (7 damage)
             ... on level 7 of the Dungeon.
             The game lasted 00:24:04 (6745 turns).

voltaire321 the Chiller (Merfolk Ice Elementalist)  Turns: 6745, Time: 00:24:05

Health: -5/59      AC: 13    Str:  9 (10) XL:     9   Next: 6%
Magic:  1/15       EV: 13    Int: 11 (14) God:    Hepliaklqana [*.....]
Gold:   322        SH: 11    Dex: 22 (23) Spells: 10/17 levels left

rFire   . . .      SeeInvis .    A - +2 dagger (drain)
rCold   + . .      Faith    .    l - +0 buckler
rNeg    . . .      Spirit   .    C - +3 ring mail {rC+}
rPois   .          Reflect  +    w - +1 helmet
rElec   .          Rampage  .    (no cloak)
rCorr   .                        (no gloves)
Will    .....                    (no boots)
Stlth   ++                       m - amulet of reflection
HPRegen 0.29/turn                n - ring of wizardry
MPRegen 0.14/turn                e - +6 ring of dexterity

@: ice-armoured, freezing walls
A: reduced essence, (nimble swimmer 2), mertail
a: Renounce Religion, Recall Ancestor, Ancestor Identity


You were on level 7 of the Dungeon.
You worshipped Hepliaklqana.
Hepliaklqana was aware of your devotion.
You visited 2 branches of the dungeon, and saw 8 of its levels.

You collected 322 gold pieces.

Inventory:

Hand Weapons
 h - a +0 rapier
 A - a +2 dagger of draining (weapon)
Armour
 l - a +0 buckler (worn)
 w - a +1 helmet (worn)
 C - a +3 ring mail of cold resistance (worn)
Jewellery
 e - a +6 ring of dexterity (right hand)
 m - an amulet of reflection (around neck)
 n - a ring of wizardry (left hand)
 q - a ring of resist corrosion
Wands
 F - a wand of flame (18)
Scrolls
 c - a scroll of poison
 g - 6 scrolls of identify
 p - a scroll of silence
Potions
 a - 2 potions of brilliance
 b - 2 potions of magic
 d - 3 potions of lignification
 f - a potion of mutation {unknown}
 i - 2 potions of degeneration
 j - a potion of ambrosia {unknown}
 o - a potion of cancellation {unknown}
 u - a potion of attraction {unknown}
 B - 2 potions of flight {unknown}
 D - a potion of experience {unknown}
 E - 3 potions of invisibility {unknown}


   Skills:
 + Level 4.7 Fighting
 + Level 2.7 Armour
 + Level 6.4 Dodging
 - Level 2.1 Stealth
 + Level 3.9 Shields
 + Level 4.5 Spellcasting
 + Level 6.6 Ice Magic
 + Level 3.6 Invocations


You had 10 spell levels left.
You knew the following spells:

 Your Spells              Type           Power      Damage    Failure   Level
a - Freeze                Ice            68%        1d8       2%          1
b - Frozen Ramparts       Ice            34%        1d6       6%          3
c - Ozocubu's Armour      Ice            17%        N/A       6%          3

Your spell library contained the following spells:

 Spells                   Type           Power      Damage    Failure   Level
 Apportation              Tloc           4%         N/A       32%         1
 Necrotise                Necr           8%         1d4       32%         1
 Summon Small Mammal      Summ           8%         N/A       32%         1
 Cigotuvi's Dreadful Rot  Necr/Pois/Air  4%         N/A       43%         2
 Poisonous Vapours        Pois/Air       4%         N/A       43%         2
 Summon Ice Beast         Ice/Summ       9%         N/A       58%         4
 Dazzling Flash           Conj/Hex       4%         N/A       65%         3
 Mephitic Cloud           Conj/Pois/Air  2%         N/A       65%         3
 Vampiric Draining        Necr           2%         2d6       65%         3
 Iskenderun's Mystic Bla  Conj/Tloc      2%         2d3       95%         4
 Agony                    Necr           2%         N/A       100%        5
 Starburst                Conj/Fire      1%         6d3       100%        6
 Ozocubu's Refrigeration  Ice            8%         4d9       100%        7


Dungeon Overview and Level Annotations

Branches:
Dungeon (7/15)             Temple (1/1) D:5

Altars:
Ashenzari
Cheibriados
Dithmenos
Fedhas
Gozag
Hepliaklqana
Kikubaaqudgha
Makhleb
Nemelex Xobeh
Okawaru
Qazlal
Sif Muna
Uskayaw
Vehumet
Wu Jian
Xom
Yredelemnul
Zin
The Shining One

Shops:
D:4 (

Annotations:
D:7 Duvessa


Innate Abilities, Weirdness & Mutations

Your life essence is reduced to manifest your ancestor. (-10% HP)
((You are very nimble when in or above water. (Stealth+, EV+, Speed+++)))
Your lower body shifts to a powerful aquatic tail in water.


Message History

The heat melts your icy armour.
Casting: Frozen Ramparts (dangerous; 5% risk of failure)
Confirm with . or Enter, or press ? or * to list all spells.
Aiming: Freeze (safe; 1% risk of failure)
Press: ? - help, Shift-Dir - straight line, f - komodo dragon
Aim: a komodo dragon (almost dead, slow, lightly drained)
You freeze the komodo dragon.
The komodo dragon is almost dead.
The komodo dragon seems to slow down.
You are covered in liquid flames!
The wall freezes the komodo dragon but does no damage.
The komodo dragon bites you!!
* * * LOW HITPOINT WARNING * * *
The wall freezes the deep elf pyromancer.
The wall freezes the troll!
The heat melts your icy armour.
Casting: Freeze (safe; 1% risk of failure)
Confirm with . or Enter, or press ? or * to list all spells.
Aiming: Freeze (safe; 1% risk of failure)
Press: ? - help, Shift-Dir - straight line, f/p - komodo dragon
Aim: a komodo dragon (almost dead, slow, lightly drained)
You freeze the komodo dragon!
You kill the komodo dragon!
You are covered in liquid flames!
* * * LOW HITPOINT WARNING * * *
The wall freezes the troll.
The wall freezes the deep elf pyromancer!
The heat melts your icy armour.
You have reached level 9!
Your experience leads to an increase in your attributes!
Your base attributes are Str 10, Int 14, Dex 15.
Increase (S)trength, (I)ntelligence, or (D)exterity?
You feel agile. x2
It was a potion of degeneration.
There was something very wrong with that liquid.
You feel weakened.
You feel dopey.
You feel clumsy.
You are covered in liquid flames!
* * * LOW HITPOINT WARNING * * *
The wall freezes the troll.
The troll bites you!
You die...

##.......####
#.......[...##....
+.........#....9#.
#.........##...##.
#........###.###.
#....###.##.##.#
#....###.#.#.##
#'#..####.####
#..#.T@e.⌠....
#....####.####
##...###.#.#.##
##..[###.##.##.#
#.......###.###.
##......##...##.
##.##..#.....#.
#.####.###...##....
#...........##


You could see a deep elf pyromancer, a troll and a gargoyle.

Vanquished Creatures
  A komodo dragon (D:7)
  Edmund (D:4)
  Menkaure (D:4)
  An orc warrior (D:7)
  An ogre (D:5)
  A scorpion (D:6)
  The ghost of soul19 the Ruffian, a weakling DrTm of Okawaru (D:3)
  3 quasits (D:3)
  An orc priest (D:6)
  A jelly (D:6)
  3 hounds
  2 iguanas (D:5)
  5 orc wizards
  3 sleepcaps
  A mummy (D:3)
  3 gnolls (D:4)
  15 adders
  3 ufetubi
  2 worms (D:2)
  3 dart slugs
  4 orcs
  5 endoplasms
  2 giant cockroaches
  6 goblins
  7 hobgoblins
  4 jackals (D:1)
  5 quokkas
  13 ball pythons
  9 bats
  3 frilled lizards (D:1)
  3 kobolds
  2 rats (D:1)
115 creatures vanquished.

Vanquished Creatures (collateral kills)
  A black bear (D:6)
  A hound (D:6)
  An adder (D:5)
  A white imp (D:6)
  A quokka (D:5)
5 creatures vanquished.

Vanquished Creatures (others)
  A steam dragon (D:5)
  3 ancestors
  A kobold (D:4)
  4 fungi (D:5)
9 creatures vanquished.

Grand Total: 129 creatures vanquished

Notes
Turn   | Place    | Note
-------+----------+-------------------------------------------
     0 | D:1      | voltaire321 the Merfolk Ice Elementalist began the quest
                  | for the Orb.
     0 | D:1      | Reached XP level 1. HP: 13/13 MP: 3/3
   109 | D:1      | Reached XP level 2. HP: 18/20 MP: 0/5
   297 | D:1      | Reached skill level 1 in Fighting
   495 | D:1      | Reached XP level 3. HP: 26/26 MP: 1/6
  1544 | D:2      | Reached XP level 4. HP: 30/33 MP: 3/7
  1585 | D:2      | Learned a level 3 spell: Frozen Ramparts
  1589 | D:2      | Learned a level 3 spell: Ozocubu's Armour
  2020 | D:2      | Found a blossoming altar of Fedhas.
  2331 | D:3      | Reached XP level 5. HP: 38/38 MP: 4/9
  2388 | D:3      | Reached skill level 5 in Ice Magic
  2404 | D:3      | Reached skill level 1 in Shields
  2536 | D:3      | Noticed soul19's ghost (weakling DrTm)
  2537 | D:3      | Found a transporter.
  2731 | D:3      | Found a snail-covered altar of Cheibriados.
  2844 | D:3      | Found a basalt altar of Yredelemnul.
  2853 | D:3      | Found a shimmering blue altar of Sif Muna.
  2930 | D:3      | You fall into a shaft and drop 3 floors!
  2952 | D:6      | Reached skill level 1 in Armour
  2952 | D:6      | Reached XP level 6. HP: 28/46 MP: 0/10
  3073 | D:5      | Entered Level 5 of the Dungeon
  3168 | D:5      | Found a staircase to the Ecumenical Temple.
  3178 | Temple   | Entered the Ecumenical Temple
  3251 | Temple   | Became a worshipper of Hepliaklqana the Forgotten
  3436 | D:4      | Noticed Menkaure
  3445 | D:4      | Killed Menkaure
  3446 | D:4      | Reached skill level 1 in Invocations
  3446 | D:4      | Reached XP level 7. HP: 52/52 MP: 10/12
  3587 | D:4      | Noticed Edmund
  3606 | D:4      | Killed Edmund
  3735 | D:4      | Found Qamejam's Weapon Shop.
  3784 | D:3      | Found a transporter.
  3846 | D:3      | Killed soul19's ghost
  3847 | D:3      | Reached skill level 5 in Dodging
  4182 | D:3      | Found a shadowy altar of Dithmenos.
  4752 | D:4      | Reached * piety under Hepliaklqana
  4886 | D:4      | Found a burning altar of Makhleb.
  4937 | D:5      | Reached XP level 8. HP: 54/54 MP: 9/13
  5179 | D:5      | Found a glowing golden altar of the Shining One.
  6006 | D:6      | Noticed a +0 short sword
  6006 | D:6      | Noticed a +0 spear
  6008 | D:6      | Noticed a +0 dagger
  6008 | D:6      | Noticed a +0 falchion
  6008 | D:6      | Noticed a +0 dagger
  6010 | D:6      | Noticed a +0 spear
  6022 | D:6      | Noticed a +0 short sword
  6023 | D:6      | Noticed a +0 falchion
  6026 | D:6      | Found a hide-covered altar of Uskayaw.
  6517 | D:7      | Noticed Duvessa
  6716 | D:7      | Noticed a troll
  6717 | D:7      | Noticed a komodo dragon
  6719 | D:7      | Identified the +0 cloak of Resonance {Harm}
  6729 | D:7      | Noticed a gargoyle
  6729 | D:7      | Noticed a deep elf pyromancer
  6744 | D:7      | Killed a komodo dragon
  6745 | D:7      | Reached XP level 9. HP: 5/59 MP: 1/15
  6745 | D:7      | HP: 1/59 [burnt (4)]
  6745 | D:7      | Slain by a troll

Illustrated notes

Levels and vault maps discovered:
D:1:      evilmike_arrival_plus, layout_loops_cross
D:2:      layout_basic, basic_altar, minmay_tromino_mix6
D:3:      layout_loops_ring, slow_altar_1, marbit_many_paths,
          mainiacjoe_overflow_swirl, gammafunk_ghost_stat_death,
          minmay_snake_closets
D:4:      layout_basic, lightli_temple_of_fire, serial_shops,
          nicolae_square_shop, lightli_corner_chamber, uniq_menkaure,
          uniq_edmund
D:5:      kennysheep_steamy, layout_cave_pools, tso_altar,
          minmay_temple_entry_purple_smoke
D:6:      layout_cave_pools, nicolae_uskayaw_en_pointe, grunt_ministairs_14
D:7:      layout_loops_corners, grunt_livestock, kb_rosetta, uniq_duvessa
Temple:   nicolae_temple_godzebo

Skill      XL: |  1  2  3  4  5  6  7  8 |
---------------+-------------------------+-----
Dodging        | 3 4 5 6 |  6.4
Fighting       | 1 2 3 4 |  4.7
Ice Magic      | 5 6 |  6.6
Shields        | 1 2 3 |  3.9
Spellcasting   | 3 4 |  4.5
Armour         | 1 2 |  2.7
Invocations    | 1 2 3 |  3.6
Stealth        | |  2.1

Action                     |  1- 3 |  4- 6 |  7- 9 || total
---------------------------+-------+-------+-------++-------
  Melee: Unarmed           |     5 |       |       ||     5
         Dagger            |     9 |    38 |   145 ||   192
   Cast: Freeze            |    62 |    35 |    25 ||   122
         Frozen Ramparts   |       |     6 |    19 ||    25
         Ozocubu's Armour  |       |       |     7 ||     7
  Evoke: Wand              |       |     4 |     5 ||     9
    Use: Scroll            |       |       |    14 ||    14
         Potion            |       |       |     4 ||     4
   Stab: Sleeping          |       |     8 |     3 ||    11
 Armour: Robe              |    10 |     7 |     2 ||    19
         Ring mail         |       |       |   102 ||   102
  Dodge: Dodged            |    37 |    35 |   131 ||   203
  Block: Other             |       |    18 |     5 ||    23
         Reflection        |       |     2 |     1 ||     3
         Buckler           |       |       |   116 ||   116

Table legend: (Time is in decaauts)
 A = Elapsed time spent in this place.
 B = Non-inter-level travel time spent in this place.
 C = Inter-level travel time spent in this place.
 D = Time resting spent in this place.
 E = Time spent auto-exploring this place.
 F = Levels seen in this place.
 G = Mean time per level.
                   A        B        C        D        E       F      G
               +--------+--------+--------+--------+--------+-----+--------+
         Total |   6745 |   6511 |    234 |   1366 |   3483 |   8 |  843.1 |
       Dungeon |   6555 |   6356 |    199 |   1366 |   3387 |   7 |  936.4 |
        Temple |    189 |    154 |     35 |      0 |     96 |   1 |  189.0 |
               +--------+--------+--------+--------+--------+-----+--------+

Top non-repeatable levels by time:
     D:3: 1277 daAuts
     D:2: 1165 daAuts
     D:1: 1117 daAuts
     D:4: 1077 daAuts
     D:5: 982 daAuts
     D:6: 703 daAuts
     D:7: 231 daAuts
  Temple: 189 daAuts
